 Dungeon Crawl Stone Soup version 0.31-a0-263-ge8cad7f256 (webtiles) character file.

Game seed: 12087729674904244931

6038 qw the Skirmisher (level 10, -4/91 HPs)
             Began as a Minotaur Hexslinger on July 13, 2023.
             Slain by a yak (13 damage)
             ... on level 8 of the Dungeon.
             The game lasted 00:02:41 (5851 turns).

qw the Skirmisher (Minotaur Hexslinger)             Turns: 5851, Time: 00:02:42

Health: -4/91      AC:  9    Str: 22    XL:     10   Next: 56%
Magic:  10/10      EV: 15    Int: 10    God:
Gold:   541        SH:  0    Dex: 17    Spells: 10/11 levels left

rFire   . . .        b - +7 orcbow "Pendulum" {elec, Str+3}
rCold   . . .        (shield currently unavailable)
rNeg    . . .        k - +2 robe {Will+}
rPois   .            c - +1 hat "Radeas" {Regen+}
rElec   .            f - +0 cloak
rCorr   .            h - +1 pair of gloves
SInv    +            e - +0 pair of boots
Will    +....        l - amulet of regeneration
Stlth   ++           i - ring of see invisible
HPRegen 1.95/turn    m - +6 ring of strength
MPRegen 0.12/turn

%: no passive effects
@: about to teleport
A: horns 2, retaliatory headbutt
a: no special abilities


You were on level 8 of the Dungeon.
You visited 2 branches of the dungeon, and saw 11 of its levels.
You also visited: Sewer.

You collected 541 gold pieces.


Innate Abilities, Weirdness & Mutations

You have a pair of horns on your head.
You reflexively headbutt those who attack you in melee.


   Skills:
 - Level 9.0 Fighting
 - Level 14.0 Ranged Weapons
 - Level 3.1 Armour
 + Level 6.2 Dodging
 - Level 1.0 Spellcasting
 - Level 2.0 Hexes


You had 10 spell levels left.
You knew the following spells:

 Your Spells              Type           Power      Damage    Failure   Level
a - Slow                  Hex            16%        N/A       16%         1

Your spell library contained the following spells:

 Spells                   Type           Power      Damage    Failure   Level
 Inner Flame              Hex/Fire       2%         N/A       56%         3
 Portal Projectile        Hex/Tloc       4%         N/A       56%         3
 Cause Fear               Hex            2%         N/A       83%         4

Inventory:

Hand Weapons
 b - the +7 orcbow "Pendulum" (weapon) {elec, Str+3}
   (You acquired it on level 2 of the Dungeon)

   Str:       It affects your strength (+3).
Armour
 c - the +1 hat "Radeas" (worn) {Regen+}
   (You acquired it on level 2 of the Dungeon)

   Regen:     It increases your rate of health regeneration.
 e - a +0 pair of boots (worn)
 f - a +0 cloak (worn)
 h - a +1 pair of gloves (worn)
 k - a +2 robe of willpower (worn)
Jewellery
 i - a ring of see invisible (left hand)
 l - an amulet of regeneration (around neck)
 m - a +6 ring of strength (right hand)
 n - a ring of ice
Scrolls
 a - 8 scrolls of identify
Potions
 d - 3 potions of curing
 g - 2 potions of mutation
 j - 3 potions of heal wounds
 o - a potion of resistance

Dungeon Overview and Level Annotations

Branches:
Dungeon (10/15)            Temple (1/1) D:6           Sewer (visited)
   Lair: D:8-11         Orc: D:9-12

Altars:
Ashenzari
Cheibriados
Dithmenos
Elyvilon
Fedhas
Gozag
Hepliaklqana
Kikubaaqudgha
Makhleb
Nemelex Xobeh
Qazlal
Ru
Sif Muna
Trog
Uskayaw
Vehumet
Wu Jian
Xom
Zin
The Shining One

Annotations:
D:2 1 runed translucent door, Crazy Yiuf
D:6 2 transporters, qw's ghost, novice MiHs


Message History

You shoot an arrow. The arrow hits the yak!
The yak is almost dead.
You shoot an arrow. The arrow hits the yak!!
You kill the yak!
You shoot an arrow. The arrow closely misses the yak.
The arrow completely misses the yak.
You shoot an arrow. The arrow hits the yak.
The yak is lightly wounded.
The yak barely misses you. You furiously retaliate!
You headbutt the yak! You shoot an arrow. The arrow closely misses the yak.
The death yak bellows!
The arrow hits the yak.
The yak is lightly wounded.
You shoot an arrow. The arrow hits the yak!
Lightning courses through the yak!!
You kill the yak!
The yak gores you! The yak gores you.
You shoot an arrow. The arrow hits the yak!!
The yak is severely wounded.
You shoot an arrow. The arrow hits the yak.
The yak is almost dead.
The yak barely misses you. The yak gores you!
You shoot an arrow. The arrow hits the yak.
The yak is almost dead.
The yak gores you! The yak gores you. The yak gores you!
You shoot an arrow. The arrow hits the yak!
Lightning courses through the yak!
You kill the yak!
The yak gores you! The yak misses you.
Your Ranged Weapons skill increases to level 14!
You shoot an arrow. The arrow hits the yak!
The yak is moderately wounded.
The yak gores you! The yak gores you but does no damage.
You shoot an arrow. The arrow hits the yak.
The yak is moderately wounded.
The yak gores you but does no damage. The yak gores you!
5851 ||| READING scroll of teleportation.
As you read the scroll of teleportation, it crumbles to dust.
You feel strangely unstable. The yak misses you. The yak gores you!
The death yak barely misses you. You furiously retaliate!
You headbutt the death yak! The yak gores you!
You die...

#.#........................ # #
#.#.................#.##... #
#.#.#.#.....~~..........####...
........'..Y~~~~~.........# #...
~~~~~~~~'~~~~~~~~~........# ##...
.......Y'.%.~~~~~......##.###....
#.#+#.#Y#%...~~~~...#####..#.....
# #......YY..######........
#....%.Y@...##.#..#......
#########.......Y.........##.....
...........................#.....
..........................##....#
...........................#.....
...................#......##..#..
###................#.........####
##.#.##...............#.#....##
#.###............##.###.....#.


You could see a death yak and 4 yaks.

Vanquished Creatures
  An unseen horror (D:10)
  A hornet (D:7)
  A wyvern (D:10)
  12 yaks (D:8)
  Eustachio (D:6)
  Pargi (Sewer)
  2 ice beasts
  2 black bears
  2 sky beasts
  An orc warrior (D:7)
  An ogre (D:6)
  3 centaurs
  2 kobold brigands
  Blork the orc (D:6)
  2 bullfrogs
  4 scorpions
  11 wights
  4 killer bees (D:8)
  3 electric eels (D:8)
  3 hounds
  3 gnoll boudas
  4 orc priests
  A jelly (D:5)
  Jessica (D:2)
  5 iguanas
  7 orc wizards
  16 gnolls
  12 adders
  A shadow imp (D:6)
  2 white imps
  4 worms
  4 dart slugs
  26 orcs
  10 ball pythons
  9 endoplasms
  A giant cockroach (Sewer)
  4 goblins
  5 hobgoblins
  2 jackals (D:1)
  18 kobolds
  6 quokkas
  9 bats
  5 frilled lizards
  2 rats
215 creatures vanquished.

Notes
Turn   | Place    | Note
-------+----------+-------------------------------------------
     0 | D:1      | qw the Minotaur Hexslinger began the quest for the Orb.
     0 | D:1      | Reached XP level 1. HP: 16/16 MP: 1/1
     0 | D:1      | 0 ||| qw: Version: 0.3-a-52-g30416fa
     0 | D:1      | 0 ||| qw: Game counter: 7075
     0 | D:1      | 0 ||| qw: Melee chars always use a shield: true
     0 | D:1      | 0 ||| qw: God list: Okawaru
     0 | D:1      | 0 ||| qw: Allow faded altars: false
     0 | D:1      | 0 ||| qw: Do Orc after clearing Dungeon:15 true
     0 | D:1      | 0 ||| qw: Do second Lair branch before Depths: true
     0 | D:1      | 0 ||| qw: Lair rune preference: random
     0 | D:1      | 0 ||| qw: Goals: Normal
     0 | D:1      | 0 ||| PLANNING D:1-11
   114 | D:1      | Reached skill level 3 in Ranged Weapons
   114 | D:1      | Reached XP level 2. HP: 23/23 MP: 2/2
   489 | D:1      | Reached XP level 3. HP: 29/29 MP: 3/3
   717 | D:1      | 717 ||| UPGRADING to +0 cloak.
   722 | D:1      | 722 ||| DROPPING ring of wizardry.
   723 | D:1      | 723 ||| UPGRADING to ring of see invisible.
   724 | D:1      | 724 ||| READING 3 scrolls labelled HIFONE SIMI.
   725 | D:1      | 725 ||| READING scroll labelled URYESI LIAT.
   726 | D:1      | 726 ||| DRINKING 2 cyan potions.
   727 | D:1      | 727 ||| DRINKING 2 metallic sapphire potions.
   728 | D:1      | 728 ||| DROPPING scroll of poison.
   799 | D:2      | Noticed Jessica
   814 | D:2      | Killed Jessica
   815 | D:2      | Reached skill level 4 in Ranged Weapons
   895 | D:2      | Reached XP level 4. HP: 36/36 MP: 4/4
  1198 | D:2      | Found a faded altar of an unknown god.
  1308 | D:2      | Found a runed translucent door.
  1309 | D:2      | Noticed Crazy Yiuf
  1435 | D:2      | 1435 ||| UPGRADING to +0 ring mail.
  1445 | D:2      | 1445 ||| DROPPING +0 robe.
  1446 | D:2      | 1446 ||| UPGRADING to +0 pair of gloves.
  1451 | D:2      | 1451 ||| READING 2 scrolls labelled VEHOPS OKHAPTU.
  1451 | D:2      | Identified 2 scrolls of acquirement
  1451 | D:2      | 1451 ||| ACQUIRING +1 hat "Radeas" {Regen+}
  1451 | D:2      | Acquired the +1 hat "Radeas" {Regen+}
  1452 | D:2      | 1452 ||| READING scroll of acquirement.
  1452 | D:2      | 1452 ||| ACQUIRING +7 orcbow "Pendulum" {elec, Str+3}
  1452 | D:2      | Acquired the +7 orcbow "Pendulum" {elec, Str+3}
  1454 | D:2      | 1454 ||| SWAPPING to +7 orcbow "Pendulum" {elec, Str+3}.
  1455 | D:2      | 1455 ||| UPGRADING to +1 hat "Radeas" {Regen+}.
  1460 | D:2      | 1460 ||| DROPPING +1 sling.
  1461 | D:2      | 1461 ||| READING scroll labelled BIZ PIMNAIKK.
  1462 | D:2      | 1462 ||| READING 2 scrolls of identify.
  1462 | D:2      | 1462 ||| IDENTIFYING yellow potion
  1504 | D:3      | 1504 ||| PLANNING SEWER
  1700 | D:3      | Reached skill level 1 in Armour
  1744 | D:3      | Reached skill level 5 in Ranged Weapons
  1842 | D:3      | Reached XP level 5. HP: 44/44 MP: 5/5
  1847 | D:3      | Reached skill level 3 in Fighting
  1847 | D:3      | Found a glowing drain.
  1848 | D:3      | 1848 ||| READING scroll labelled LYMET SESY.
  1858 | Sewer    | Entered a sewer
  1936 | Sewer    | Noticed Pargi
  1942 | Sewer    | Killed Pargi
  1943 | Sewer    | Reached skill level 6 in Ranged Weapons
  1989 | Sewer    | 1989 ||| READING scroll labelled AREUTR QUNLIU.
  2005 | D:3      | 2005 ||| PLANNING D:1-11
  2369 | D:4      | Reached XP level 6. HP: 51/51 MP: 6/6
  2548 | D:4      | Identified the +4 dagger of Putrescence {drain, Str+5}
  2970 | D:4      | 2970 ||| READING 2 scrolls labelled QEIXZA XUTIME.
  2974 | D:4      | 2974 ||| READING scroll labelled BEMUIT FU GUT.
  2975 | D:4      | 2975 ||| READING 3 scrolls of identify.
  2975 | D:4      | 2975 ||| IDENTIFYING glowing ruby potion
  2976 | D:4      | 2976 ||| READING 2 scrolls of identify.
  2976 | D:4      | 2976 ||| IDENTIFYING metallic puce potion
  2977 | D:4      | 2977 ||| DROPPING potion of invisibility.
  2978 | D:4      | 2978 ||| DROPPING potion of lignification.
  2995 | D:5      | Entered Level 5 of the Dungeon
  3013 | D:5      | Reached skill level 7 in Ranged Weapons
  3101 | D:5      | Reached XP level 7. HP: 59/59 MP: 7/7
  3243 | D:5      | Reached skill level 8 in Ranged Weapons
  3419 | D:5      | 3419 ||| READING scroll labelled RUSYEL DE CURHO.
  3420 | D:5      | 3420 ||| READING scroll labelled METTID PIQE.
  3421 | D:5      | 3421 ||| READING 2 scrolls labelled HUTRIM VAUPPU.
  3422 | D:5      | 3422 ||| READING scroll labelled TACUMEI ARCHIU.
  3423 | D:5      | 3423 ||| READING scroll labelled DUALAU TYCEU.
  3424 | D:5      | 3424 ||| READING 6 scrolls of identify.
  3424 | D:5      | 3424 ||| IDENTIFYING murky purple potion
  3425 | D:5      | 3425 ||| READING 5 scrolls of identify.
  3425 | D:5      | 3425 ||| IDENTIFYING blue potion
  3426 | D:5      | 3426 ||| DROPPING potion of magic.
  3427 | D:5      | 3427 ||| DROPPING scroll of blinking.
  3492 | D:6      | Reached skill level 9 in Ranged Weapons
  3492 | D:6      | Reached XP level 8. HP: 68/68 MP: 8/8
  3494 | D:6      | Reached skill level 3 in Dodging
  3521 | D:6      | 3521 ||| READING scroll of enchant armour.
  3521 | D:6      | 3521 ||| ENCHANTING +0 pair of gloves.
  3576 | D:6      | Found a transporter.
  3578 | D:6      | Noticed Eustachio
  3582 | D:6      | Noticed qw's ghost (novice MiHs)
  3583 | D:6      | Killed Eustachio
  3584 | D:6      | Reached skill level 6 in Fighting
  3648 | D:6      | Noticed Blork the orc
  3657 | D:6      | Killed Blork the orc
  3694 | D:6      | Reached skill level 10 in Ranged Weapons
  3728 | D:6      | Reached skill level 3 in Armour
  3823 | D:6      | Found a staircase to the Ecumenical Temple.
  3824 | D:6      | 3824 ||| PLANNING TEMPLE
  3824 | D:6      | 3824 ||| UPGRADING to +2 robe of willpower.
  3834 | D:6      | 3834 ||| DROPPING +0 ring mail.
  3835 | D:6      | 3835 ||| UPGRADING to amulet of regeneration.
  3845 | Temple   | Entered the Ecumenical Temple
  4012 | Temple   | 4012 ||| PLANNING D:1-11
  4112 | D:6      | Found a transporter.
  4303 | D:7      | 4303 ||| Stepping ~*~*~tactically~*~*~ (outnumbered).
  4418 | D:7      | Reached XP level 9. HP: 79/79 MP: 9/9
  4463 | D:7      | 4463 ||| Stepping ~*~*~tactically~*~*~ (outnumbered).
  4465 | D:7      | 4465 ||| Stepping ~*~*~tactically~*~*~ (outnumbered).
  4621 | D:7      | Reached skill level 11 in Ranged Weapons
  4678 | D:7      | You fall into a shaft and drop 3 floors!
  4678 | D:10     | Entered Level 10 of the Dungeon
  4680 | D:10     | Noticed an unseen horror
  4686 | D:10     | Killed an unseen horror
  4700 | D:10     | 4700 ||| Stepping ~*~*~tactically~*~*~ (outnumbered).
  4702 | D:10     | 4702 ||| Stepping ~*~*~tactically~*~*~ (outnumbered).
  4704 | D:10     | 4704 ||| Stepping ~*~*~tactically~*~*~ (outnumbered).
  4758 | D:10     | Reached skill level 12 in Ranged Weapons
  4849 | D:10     | 4849 ||| UPGRADING to +6 ring of strength.
  4850 | D:10     | 4850 ||| DRINKING 2 fuming ruby potions.
  4851 | D:10     | 4851 ||| DROPPING potion of degeneration.
  4988 | D:8      | Reached XP level 10. HP: 88/88 MP: 10/10
  5003 | D:8      | Reached skill level 6 in Dodging
  5005 | D:8      | Reached skill level 13 in Ranged Weapons
  5013 | D:8      | 5013 ||| READING scroll labelled QEUCU SE ESTRET.
  5014 | D:8      | 5014 ||| READING 8 scrolls of identify.
  5014 | D:8      | 5014 ||| IDENTIFYING fuming emerald potion
  5015 | D:8      | 5015 ||| DROPPING potion of brilliance.
  5235 | D:7      | Identified the staff "Yrul" {rC+ Conj}
  5521 | D:7      | 5521 ||| UPGRADING to +0 pair of boots.
  5698 | D:8      | Reached skill level 9 in Fighting
  5759 | D:8      | Noticed a death yak
  5766 | D:8      | HP: 21/91 [yak (11)]
  5767 | D:8      | 5767 ||| READING 2 scrolls of teleportation.
  5768 | D:8      | 5768 ||| DRINKING 4 potions of heal wounds.
  5849 | D:8      | Reached skill level 14 in Ranged Weapons
  5850 | D:8      | HP: 20/91 [yak (10)]
  5851 | D:8      | 5851 ||| READING scroll of teleportation.
  5851 | D:8      | HP: 9/91 [yak (13)]
  5851 | D:8      | Slain by a yak

Levels and vault maps discovered:
D:1:      dpeg_arrival_long_road, layout_loops_ring
D:2:      layout_basic, hellmonk_ecumenical_altar_leap_of_faith, uniq_jessica,
          uniq_crazy_yiuf_cottage
D:3:      layout_basic, cheibrodos_sewer_entry_sluice, serial_rivers,
          chequers_serial_rivers_micro_d, chequers_serial_rivers_room_b,
          chequers_serial_rivers_micro_b, chequers_serial_rivers_micro_b,
          chequers_serial_rivers_micro_a, chequers_serial_rivers_micro_c
D:4:      layout_basic
D:5:      layout_cave_pools
D:6:      layout_basic, minmay_temple_entry_fiery, gammafunk_ghost_stat_death,
          kennysheep_nondescript, uniq_blork_the_orc, uniq_eustachio
D:7:      layout_basic
D:8:      argonaut_augean_stables, layout_cave_pools, erik_lair_dragon,
          fountainhead
D:9:      layout_roguey, uniq_gastronok
D:10:     layout_cave_pools, lemuel_coloured_pillars_altar,
          kennysheep_okawaru_gauntlet
Temple:   nicolae_temple_bog_church

Skill      XL: |  1  2  3  4  5  6  7  8  9 10 |
---------------+-------------------------------+-----
Ranged Weapons | 3 4 5 6 7 9 10 12 14 | 14.0
Fighting       | 2 3 4 5 7 8 9 |  9.0
Armour         | 1 2 3 |  3.1
Dodging        | 4 5 6 |  6.2
Spellcasting   | |  1.0
Hexes          | |  2.0

Action                     |  1- 3 |  4- 6 |  7- 9 | 10-12 || total
---------------------------+-------+-------+-------+-------++-------
   Fire: Sling             |    76 |    32 |       |       ||   108
         Orcbow            |       |   121 |   243 |    76 ||   440
    Use: Scroll            |     2 |    10 |     8 |     4 ||    24
         Potion            |     2 |       |     1 |     1 ||     4
 Armour: Robe              |     4 |     4 |    24 |    12 ||    44
         Ring mail         |       |    29 |     8 |       ||    37
  Dodge: Dodged            |     9 |    49 |    58 |    39 ||   155

Table legend:
 A = Non-vault XP
 B = Vault XP
 C = Vault XP percentage of total XP
 D = Non-vault monster count
 E = Vault monster count
 F = Vault count percentage of total count
                 A         B        C        D         E       F
            +---------+---------+-------+---------+---------+-------
      Total |    6749 |    1878 |  21.8 |     194 |      21 |   9.8
            +---------+---------+-------+---------+---------+-------
        D:1 |      45 |       0 |   0.0 |      25 |       0 |   0.0
        D:2 |      43 |      37 |  46.2 |      18 |       1 |   5.3
        D:3 |      77 |      13 |  14.4 |      20 |       4 |  16.7
        D:4 |     244 |       0 |   0.0 |      16 |       0 |   0.0
        D:5 |     595 |       0 |   0.0 |      24 |       0 |   0.0
        D:6 |     973 |     298 |  23.4 |      21 |       2 |   8.7
        D:7 |    1554 |       0 |   0.0 |      32 |       0 |   0.0
        D:8 |    2258 |    1384 |  38.0 |      28 |       7 |  20.0
       D:10 |     960 |       0 |   0.0 |      10 |       0 |   0.0
      Sewer |       0 |     146 | 100.0 |       0 |       7 | 100.0
            +---------+---------+-------+---------+---------+-------
